 Dungeon Crawl Stone Soup version 0.24.1-4-ge52af88ad5 (webtiles) character file.

Game seed: 10676199295040671231, levelgen mode: deterministic

59 Heliosone the Magician (level 4, 32/32 HPs)
             Began as a Gnoll Wizard on Apr 12, 2020.
             Quit the game on level 1 of the Dungeon on Apr 13, 2020.
             The game lasted 00:05:24 (1448 turns).

Heliosone the Magician (Gnoll Wizard)               Turns: 1448, Time: 00:05:24

Health: 32/32      AC:  2    Str:  9    XL:     4   Next: 3%
Magic:  13/13      EV: 14    Int: 21    God:
Gold:   24         SH:  0    Dex: 14    Spells: 8/17 levels left

rFire    . . .     SeeInvis .   c - +0 short sword
rCold    . . .     Gourm    .   (no shield)
rNeg     . . .     Faith    .   a - +0 robe
rPois    .         Spirit   .   b - +0 hat
rElec    .         Reflect  .   (no cloak)
rCorr    .         Harm     .   (no gloves)
MR       .....                  (no boots)
Stlth    +++.......             (no amulet)
HPRegen  0.10/turn              (no ring)
MPRegen  0.13/turn              (no ring)

@: no status effects
A: distributed training, fangs 1, strong nose
a: no special abilities


You were on level 1 of the Dungeon.
You were near starving.

You visited 1 branch of the dungeon, and saw 2 of its levels.

You collected 24 gold pieces.

Inventory:

Hand Weapons
 c - a +0 short sword (weapon)
Armour
 a - a +0 robe (worn)
 b - a +0 hat (worn)
Scrolls
 e - a scroll of fear {unknown}
 h - a scroll of remove curse {unknown}
Potions
 f - a potion of invisibility {unknown}
 g - a potion of magic {unknown}
 i - a potion of haste {unknown}
Comestibles
 d - 2 rations


   Skills:
 + Level 1.0 Fighting
 + Level 1.0 Short Blades
 + Level 1.0 Long Blades
 + Level 1.0 Axes
 + Level 1.0 Maces & Flails
 + Level 1.0 Polearms
 + Level 1.0 Staves
 + Level 1.0 Slings
 + Level 1.0 Bows
 + Level 1.0 Crossbows
 + Level 1.0 Throwing
 + Level 1.0 Armour
 + Level 4.6 Dodging
 + Level 4.2 Stealth
 + Level 1.0 Shields
 + Level 1.0 Unarmed Combat
 + Level 7.2 Spellcasting
 + Level 2.2 Conjurations
 + Level 0.7 Hexes
 + Level 0.7 Charms
 + Level 2.2 Summonings
 + Level 0.7 Necromancy
 + Level 2.2 Translocations
 + Level 0.7 Transmutations
 + Level 0.7 Fire Magic
 + Level 0.7 Ice Magic
 + Level 0.7 Air Magic
 + Level 0.7 Earth Magic
 + Level 0.7 Poison Magic
 + Level 1.1 Invocations
 + Level 1.0 Evocations


You had 8 spell levels left.
You knew the following spells:

 Your Spells              Type           Power        Failure   Level  Hunger
a - Magic Dart            Conj           ###.         3%          1    None
b - Call Imp              Summ           ###.....     5%          2    None
c - Conjure Flame         Conj/Fire      ##......     14%         3    None
d - Mephitic Cloud        Conj/Pois/Air  ##......     16%         3    None

Your spell library contained the following spells:

 Spells                   Type           Power        Failure   Level  Hunger
 Blink                    Tloc           N/A          5%          2    None
 Slow                     Hex            ##......     10%         2    None


Dungeon Overview and Level Annotations

Branches:
Dungeon (2/15)

Altars:


Innate Abilities, Weirdness & Mutations

Your experience applies equally to all skills.
You have very sharp teeth.
Your uncanny sense of smell can sniff out nearby items.


Message History

You kill the hobgoblin!
You start resting.
Magic restored.
You start resting.
You are near starving!
You start resting.
HP restored. (m)acro, (M)acro raw, keymap [(k) default, (x) level-map, (t)argeting, (c)onfirm, m(e)nu], (s)ave?
Input macro trigger key: 1 Current Action: zb Do you wish to (r)edefine, (c)lear, or (a)bort?
Input macro action: za Created macro '1' => 'za'. (m)acro, (M)acro raw, keymap [(k) default, (x) level-map, (t)argeting, (c)onfirm, m(e)nu], (s)ave?
Aborting. (m)acro, (M)acro raw, keymap [(k) default, (x) level-map, (t)argeting, (c)onfirm, m(e)nu], (s)ave?
Aborting.
Welcome back, Heliosone the Gnoll Wizard.
Press ? for a list of commands and other information.
Are you sure you want to abandon this character and quit the game? (Confirm with "yes".)

....#...........##......# #.....
..#.#...........##......####.#...
..#.............##..)......#.#.#.
.......#.....#.#.#.#.#.........#.
##.....##...#..........###.......
##.....##.#.##.#.#.#.#.# #.#####.
##.....##..............# #.# #..
##..).......[#.#>#.#.#.###.####..
##..............@................
##..........(#.#.#.#.#.######.#..
##...............[.....# ###'#..
##...........#.#.#.#.#.# #......
##.............###.....# #.....#
...###.........# ####### #.....#
.### #.........# ########### .#
#.........# ##......### .#
#.........# ##.........##


There were no monsters in sight!

Vanquished Creatures
  2 dart slugs (D:1)
  3 leopard geckos (D:1)
  6 bats (D:1)
  2 goblins (D:1)
  4 hobgoblins (D:1)
  15 jackals (D:1)
  2 frilled lizards (D:1)
  6 kobolds (D:1)
  4 rats (D:1)
44 creatures vanquished.

Vanquished Creatures (collateral kills)
  A rat (D:2)
1 creature vanquished.

Grand Total: 45 creatures vanquished

Notes
Turn   | Place    | Note
-------+----------+-------------------------------------------
     0 | D:1      | Heliosone the Gnoll Wizard began the quest for the Orb.
     0 | D:1      | Reached XP level 1. HP: 13/13 MP: 8/8
   192 | D:1      | Reached XP level 2. HP: 19/19 MP: 8/10
   298 | D:1      | Learned a level 2 spell: Call Imp
   398 | D:1      | Reached XP level 3. HP: 17/25 MP: 0/11
   712 | D:1      | Reached skill level 1 in Invocations
   977 | D:1      | Learned a level 3 spell: Conjure Flame
   981 | D:1      | Learned a level 3 spell: Mephitic Cloud
  1102 | D:1      | Reached skill level 1 in Fighting
  1102 | D:1      | Reached skill level 1 in Short Blades
  1102 | D:1      | Reached skill level 1 in Long Blades
  1102 | D:1      | Reached skill level 1 in Axes
  1102 | D:1      | Reached skill level 1 in Maces & Flails
  1102 | D:1      | Reached skill level 1 in Polearms
  1102 | D:1      | Reached skill level 1 in Staves
  1102 | D:1      | Reached skill level 1 in Slings
  1102 | D:1      | Reached skill level 1 in Bows
  1102 | D:1      | Reached skill level 1 in Crossbows
  1102 | D:1      | Reached skill level 1 in Throwing
  1102 | D:1      | Reached skill level 1 in Armour
  1102 | D:1      | Reached skill level 1 in Shields
  1102 | D:1      | Reached skill level 1 in Unarmed Combat
  1102 | D:1      | Reached skill level 1 in Evocations
  1259 | D:1      | Reached XP level 4. HP: 32/32 MP: 13/13
  1448 | D:1      | Quit the game

Levels and vault maps discovered:
D:1:      dpeg_arrival_arbitrary_a, layout_basic, st_stairs_9,
          minmay_misc_feat_x
D:2:      layout_basic, tgw_fedhas, minmay_snake_closets

Skill      XL: |  1  2  3 |
---------------+----------+-----
Conjurations   | 2 |  2.2
Summonings     | 2 |  2.2
Translocations | 2 |  2.2
Invocations    | 1 |  1.1
Fighting       | 1 |  1.0
Short Blades   | 1 |  1.0
Long Blades    | 1 |  1.0
Axes           | 1 |  1.0
Maces & Flails | 1 |  1.0
Polearms       | 1 |  1.0
Staves         | 1 |  1.0
Slings         | 1 |  1.0
Bows           | 1 |  1.0
Crossbows      | 1 |  1.0
Throwing       | 1 |  1.0
Armour         | 1 |  1.0
Shields        | 1 |  1.0
Unarmed Combat | 1 |  1.0
Evocations     | 1 |  1.0
Dodging        | |  4.6
Stealth        | |  4.2
Spellcasting   | |  7.2
Hexes          | |  0.7
Charms         | |  0.7
Necromancy     | |  0.7
Transmutations | |  0.7
Fire Magic     | |  0.7
Ice Magic      | |  0.7
Air Magic      | |  0.7
Earth Magic    | |  0.7
Poison Magic   | |  0.7

Action                   |  1- 3 |  4- 6 || total
-------------------------+-------+-------++-------
Melee: Short sword       |    39 |     4 ||    43
       Bite              |     2 |       ||     2
 Cast: Magic Dart        |    74 |       ||    74
       Call Imp          |       |     2 ||     2
 Stab: Sleeping          |     4 |       ||     4
Armor: Robe              |     8 |       ||     8
Dodge: Dodged            |    38 |     8 ||    46
